 Dungeon Crawl Stone Soup version 0.16.0-16-g311141a (webtiles) character file.

186936 DogShitOnMyToe the Fencer (level 18, 0/153 HPs)
             Began as a Formicid Monk on Mar 20, 2015.
             Was the Champion of Ru.
             Slain by a greater naga (6 damage)
             ... on level 5 of the Snake Pit.
             The game lasted 02:55:52 (34284 turns).

DogShitOnMyToe the Fencer (Formicid Monk)          Turns: 34284, Time: 02:55:52

Health: 0/153      AC: 24    Str: 24    XL:     18   Next: 71%
Magic:  28/32      EV:  1    Int: 12    God:    Ru [******]
Gold:   1918       SH: 17    Dex: 20    Spells: 3 memorised, 13 levels left

rFire  . . .     SeeInvis +     b - +0 great sword
rCold  + . .     Clarity  .     e - +0 plate armour
rNeg   + + .     SustAb   .     y - +5 shield of the Ant {Dex+3}
rPois  +         Gourm    .     (helmet unavailable)
rElec  .         Spirit   .     F - +0 cloak
rCorr  .         Warding  .     D - +2 pair of gloves
rMut   .         Stasis   +     Q - +0 pair of boots
MR     +....                    (no amulet)
Stlth  ..........               I - ring "Voyleah" {rC+ rN++ Str-3 Dex+2 Slay+3 SInv}
                                P - ring of poison resistance

@: mighty, lethally poisoned (0 -> -12), exhausted, constricted, drained,
somewhat resistant to hostile enchantments, extremely unstealthy
A: permanent stasis, dig shafts and tunnels, four strong arms, antennae 3, agile
1, wild magic 1, no stealth, hated by all, inability to train dodging, no charms
magic, no necromancy magic, no poison magic, slow reflexes 2, disrupted magic 2
a: Dig, Shaft Self, Draw Out Power, Power Leap, Apocalypse, Renounce Religion
}: 1/15 runes: decaying


You were on level 5 of the Snake Pit.
You worshipped Ru.
Ru was exalted by your worship.
You were not hungry.

You visited 6 branches of the dungeon, and saw 35 of its levels.
You visited the Abyss 1 time.

You collected 2607 gold pieces.
You spent 689 gold pieces at shops.

Inventory:

Hand weapons
 a - the +3 hand crossbow of Demand {velocity, rC+}
   (You found it on level 10 of the Dungeon)

   Any bolt fired from it inflicts extra damage.
   It protects you from cold.
 b - a +0 great sword (weapon)
Missiles
 p - 144 bolts
 r - 19 bolts of frost
Armour
 e - a +0 plate armour (worn)
 y - the +5 shield of the Ant (worn) {Dex+3}
   (You found it on level 4 of the Dungeon)

   It affects your dexterity (+3).
 D - a +2 pair of gloves (worn)
 F - a +0 cloak (worn)
 Q - a +0 pair of boots (worn)
Rods
 J - a +3 rod of destruction (14/14)
   (You found it on level 11 of the Dungeon)
Jewellery
 o - an uncursed amulet of warding
 I - the ring "Voyleah" (right hand) {rC+ rN++ Str-3 Dex+2 Slay+3 SInv}
   (You bought it in a shop on level 4 of the Orcish Mines)

   [ring of protection from cold]

   It affects your strength (-3).
   It affects your dexterity (+2).
   It affects your accuracy and damage with ranged weapons and melee attacks
   (+3).
   It protects you from cold.
   It greatly protects you from negative energy.
   It enhances your eyesight.
 L - an uncursed amulet of resist mutation
 P - a ring of poison resistance (left hand)
Magical devices
 c - a wand of fireball (5)
 w - a wand of invisibility (7)
 T - a wand of draining (5)
 V - a wand of slowing (31)
 Z - a wand of draining (4)
Scrolls
 f - 5 scrolls of enchant weapon
 h - 7 scrolls of fog
 q - a scroll of magic mapping
 s - 4 scrolls of fear
 t - 5 scrolls of remove curse
 C - 4 scrolls of enchant armour
 G - 3 scrolls of recharging
 N - a scroll of torment {unknown}
 S - 2 scrolls of identify
 W - 4 scrolls of noise {unknown}
Potions
 d - 2 potions of flight
 i - 3 potions of cancellation
 k - 11 potions of curing
 l - 3 potions of brilliance
 v - 4 potions of restore abilities
 x - 4 potions of agility
 E - a potion of invisibility
 M - a potion of degeneration {unknown}
 O - a potion of magic {unknown}
 R - 2 potions of cure mutation
 X - a potion of resistance
Books
 U - a book of Control

   Spells                             Type                      Level
   a - Control Teleport               Charms/Translocation         4
   b - Control Undead                 Necromancy                   4
   c - Enslavement                    Hexes                        4
   d - Metabolic Englaciation         Hexes/Ice                    5
   e - Mass Confusion                 Hexes                        6
Miscellaneous
 g - an ornate deck of wonders {the Alchemist}
Comestibles
 u - 2 slices of pizza
 z - 5 beef jerkies
 A - 3 meat rations
 H - 6 bread rations
 K - 8 royal jellies
 Y - 17 fruits


   Skills:
 + Level 16.5(15.0) Fighting
 - Level 18.0(16.4) Long Blades
 - Level 6.1(4.9) Crossbows
 + Level 17.3(15.8) Armour
 - Level 9.1(7.8) Shields
 - Level 4.0(2.8) Unarmed Combat
 - Level 10.2(8.8) Evocations


You had 13 spell levels left.
You knew the following spells:

 Your Spells              Type           Power        Failure   Level  Hunger
a - Apportation           Tloc           #.........   100%        1    ##.....
b - Summon Butterflies    Summ           #.......     100%        1    ##.....
c - Stoneskin             Trmt/Erth      #.......     100%        2    ###....


Dungeon Overview and Level Annotations

Branches:
Dungeon (12/15)            Temple (1/1) D:7            Lair (8/8) D:10
  Swamp (5/5) Lair:5        Snake (5/5) Lair:4        Slime (0/6) Lair:7
    Orc (4/4) D:11            Elf (0/3) Orc:4

Altars:
Ashenzari
Cheibriados
Dithmenos
Elyvilon
Fedhas
Gozag
Kikubaaqudgha
Makhleb
Nemelex Xobeh
Okawaru
Qazlal
Ru
Sif Muna
Trog
Vehumet
Xom
Yredelemnul
Zin
The Shining One
Jiyva

Shops:
D:6 *[(?   Orc:4 ([**%

Annotations:
Lair:8 exclusion: door
Swamp:5 Kirke


Innate Abilities, Weirdness & Mutations

You are under a permanent stasis effect.
You can dig through walls and to a lower floor.
Your four strong arms can wield two-handed weapons with a shield.
You have a pair of large antennae on your head (SInv).
You cannot be stealthy.
You are hated by all.
You cannot train Dodging skill.
You cannot study or cast Charms magic.
You cannot study or cast Necromancy magic.
You cannot study or cast Poison magic.
You have slow reflexes. (-6 EV)
Your casting is disrupted.
You are agile. (Dex +2)
Your spells are a little harder to cast, but a little more powerful.


Message History

The orb of energy hits you!
* * * LOW HITPOINT WARNING * * *
The orb of energy explodes!
The greater naga constricts you.
Drink which item? (? for menu, Esc to quit)
You feel very mighty all of a sudden. The greater naga hits you.
* * * LOW HITPOINT WARNING * * *
x2 The greater naga constricts you.
You closely miss the greater naga.
The greater naga is heavily wounded.
You feel sick. The greater naga casts a spell at you.
The poison arrow hits you!
You are more poisoned.
You partially resist.
* * * LOW HITPOINT WARNING * * *
x2 The greater naga constricts you.
You focus your will and slow the greater naga in retribution!
The greater naga is stunned by your will and fails to attack.
You die...

..N#(..N{...# ###...
........{...# #.##
.......[....# { ### #.#
........)N...# ##.###.##
##.).###### #.#....#.
#..##.N)###.{.#####.#.###.
.......)){)[)......[...#
#. ...##.){###{....##....#
## ..
#####@#)....##[...###.
##N##...#####.....
######## #..... #.....
#..... #.##.. ##.....
####...... #.......<#


You could see a greater naga.

Vanquished Creatures
  A tentacled monstrosity (Swamp:5)
  Vashnia (Snake:3)
  A lich (Abyss:2)
  Agnes (Swamp:5)
  A revenant (Abyss:2)
  5 greater nagas
  Donald (Snake:4)
  Aizul (Swamp:3)
  Louise (Snake:5)
  An orc warlord (Orc:4)
  A balrug (Abyss:2)
  The ghost of password the Slicer, a powerful HaCK of Xom (Lair:8)
  6 very ugly things
  2 dire elephants (Lair:8)
  The ghost of gw the Cleaver, a powerful HOFi of Beogh (Lair:3)
  2 green deaths (Swamp:5)
  Fannar (Lair:5)
  Harold (Lair:2)
  8 naga warriors
  15 hydras
  A ghost crab (Swamp:5)
  5 anacondas
  4 alligators (Swamp:5)
  2 ogre magi (Orc:4)
  10 naga sharpshooters
  4 shock serpents
  Nergalle (Lair:5)
  A salamander mystic (Snake:5)
  2 wretched stars (Abyss:2)
  2 deep trolls (Orc:4)
  4 skeletal warriors (D:11)
  A spriggan druid (Swamp:5)
  6 swamp dragons
  4 hill giants
  An ice statue (D:11)
  A necromancer (Lair:6)
  3 naga ritualists (Snake:5)
  A manticore (Swamp:5)
  A wizard (Lair:8)
  A mana viper (Snake:5)
  5 salamanders (Snake:5)
  11 oklob plants (Lair:3)
  2 orc sorcerers
  4 ugly things
  4 griffons
  2 large abominations
  2 orc knights
  3 cyclopes
  A sixfirhy (Abyss:2)
  An apocalypse crab (Abyss:2)
  2 guardian serpents (Snake:5)
  3 worldbinders (Abyss:2)
  10 naga magi
  9 elephants (Lair:7)
  12 black mambas
  2 orange demons (Swamp:5)
  A gargoyle (D:12)
  19 spiny frogs
  8 komodo dragons
  2 fire drakes
  A deep elf priest (Orc:4)
  A redback zombie (D:10)
  2 ancient zymes (Abyss:2)
  4 giant leeches
  A hellwing (Abyss:2)
  14 trolls
  2 baby alligators (Swamp:5)
  Prince Ribbit (D:7)
  10 bog bodies
  4 raiju (Abyss:2)
  20 blink frogs
  20 slime creatures
  A boulder beetle (Lair:6)
  A basilisk (Lair:7)
  A spectral black mamba (Abyss:2)
  3 shadows
  A wyvern (Lair:6)
  7 two-headed ogres
  8 ravens
  2 flying skulls (Abyss:2)
  4 starcursed masses (Abyss:2)
  3 hogs (Swamp:5)
  4 spriggans
  2 deep elf magi
  45 yaks
  4 fire bats (Lair:3)
  14 vampire mosquitoes
  9 hippogriffs
  A wandering mushroom (Lair:7)
  7 wargs
  21 nagas
  An insubstantial wisp (Abyss:2)
  Edmund (D:5)
  16 wolves
  4 hell hounds (Abyss:2)
  18 orc warriors
  20 swamp worms
  33 water moccasins
  11 porcupines
  2 small abominations (Abyss:2)
  3 sky beasts
  5 ice beasts (Lair:5)
  5 swamp drakes
  3 phantoms
  30 ogres
  4 wasps
  3 boring beetles
  2 centaurs
  Sigmund (D:3)
  Duvessa (D:7)
  24 crocodiles
  2 big kobolds (D:9)
  21 giant frogs
  4 scorpions
  4 electric eels
  3 vampire bats (D:11)
  7 wights (D:11)
  Dowan (D:7)
  3 crimson imps
  A goliath beetle (D:6)
  4 hounds (Lair:1)
  5 jellies
  A giant frog skeleton (D:11)
  A wasp zombie (D:11)
  22 orc priests
  A centaur skeleton (D:10)
  A gnoll shaman (D:5)
  6 iguanas
  6 worker ants
  19 orc wizards
  24 sheep
  Ijyb (D:7)
  A crocodile zombie (Lair:6)
  A spectral iguana (Abyss:2)
  27 adders
  11 gnolls
  12 white imps (D:11)
  A giant mite (D:5)
  74 river rats
  A worm (D:5)
  5 shadow imps
  An ufetubus (Abyss:2)
  3 giant geckos
  7 oozes
  147 orcs
  A ball python (D:2)
  17 bats
  A bat zombie (D:7)
  21 hobgoblins
  23 kobolds
  7 quokkas
  A ball python skeleton (D:4)
  2 giant cockroaches
  2 giant gecko skeletons
  6 giant newts
  16 goblins
  7 jackals
  30 rats
  5 ballistomycetes
  A bush (D:4)
  2 fungi (Lair:5)
  8 plants (Lair:3)
1193 creatures vanquished.

Vanquished Creatures (others)
  An Executioner (Abyss:2)
  A dire elephant (Lair:8)
  5 hydras
  A salamander (Snake:5)
  An orange demon (Swamp:5)
  A yak (Lair:5)
  A vampire mosquito (Swamp:5)
  A chaos spawn (Abyss:2)
  A crocodile zombie (Lair:6)
  An ufetubus (Abyss:2)
  5 orcs
  A hobgoblin (Orc:1)
  2 giant spores
  9 fungi
31 creatures vanquished.

Grand Total: 1224 creatures vanquished

Notes
Turn   | Place    | Note
--------------------------------------------------------------
     0 | D:1      | DogShitOnMyToe, the Formicid Monk, began the quest for the Orb.
     0 | D:1      | Reached XP level 1. HP: 18/18 MP: 1/1
   393 | D:1      | Found a glowing golden altar of the Shining One.
   449 | D:1      | Reached XP level 2. HP: 25/25 MP: 3/3
   885 | D:2      | Reached XP level 3. HP: 22/31 MP: 4/4
  1229 | D:2      | Reached skill level 5 in Fighting
  1337 | D:2      | Reached XP level 4. HP: 39/39 MP: 5/5
  1525 | D:3      | Reached skill level 6 in Fighting
  1525 | D:3      | Reached XP level 5. HP: 23/46 MP: 7/7
  1699 | D:3      | Noticed Sigmund
  1720 | D:3      | Killed Sigmund
  1720 | D:3      | Reached XP level 6. HP: 36/53 MP: 8/8
  1998 | D:3      | Reached skill level 7 in Fighting
  2411 | D:4      | Reached XP level 7. HP: 38/60 MP: 9/9
  3072 | D:4      | Got a brightly glowing shield
  3078 | D:4      | Identified the +5 shield of the Ant {Dex+3} (You found it on level 4 of the Dungeon)
  3131 | D:4      | Reached skill level 5 in Armour
  3400 | D:4      | Reached XP level 8. HP: 31/67 MP: 11/11
  3848 | D:4      | Found a blossoming altar of Fedhas.
  3993 | D:5      | Entered Level 5 of the Dungeon
  4045 | D:5      | Found a basalt altar of Yredelemnul.
  4179 | D:5      | Noticed Edmund
  4208 | D:5      | Killed Edmund
  4208 | D:5      | Reached skill level 5 in Shields
  5000 | D:6      | Found a glowing silver altar of Zin.
  5092 | D:6      | Found Ycsaik's Antique Weapon Boutique.
  5110 | D:6      | Found Ikasuj's Antique Armour Boutique.
  5128 | D:6      | Reached skill level 8 in Shields
  5128 | D:6      | Reached XP level 9. HP: 72/72 MP: 12/12
  5133 | D:6      | Found a bloodstained altar of Trog.
  5264 | D:6      | Reached skill level 9 in Shields
  5360 | D:6      | Found Zedob's Magic Scroll Shoppe.
  5363 | D:6      | Bought a scroll of fear for 35 gold pieces
  5363 | D:6      | Bought a scroll of fog for 20 gold pieces
  5363 | D:6      | Bought a scroll of enchant armour for 75 gold pieces
  5363 | D:6      | Bought a scroll of identify for 20 gold pieces
  5363 | D:6      | Bought a scroll of fog for 20 gold pieces
  5363 | D:6      | Bought a scroll of fog for 20 gold pieces
  5363 | D:6      | Bought a scroll of identify for 20 gold pieces
  5363 | D:6      | Bought a scroll of identify for 20 gold pieces
  5494 | D:6      | Found Nawkuap's General Store.
  5506 | D:6      | Bought 2 potions of curing for 72 gold pieces
  5600 | D:7      | Noticed Duvessa
  5615 | D:7      | Killed Duvessa
  5625 | D:7      | Noticed Dowan
  5628 | D:7      | Killed Dowan
  5868 | D:7      | Found an opulent altar of Gozag.
  5868 | D:7      | Found a deep blue altar of Sif Muna.
  5910 | D:7      | Noticed Ijyb
  5920 | D:7      | Killed Ijyb
  5986 | D:7      | Found a staircase to the Ecumenical Temple.
  6048 | Temple   | Entered the Ecumenical Temple
  6132 | Temple   | Became a worshipper of Ru the Awakened
  6136 | Temple   | Gained mutation: You cannot be stealthy. [Ru sacrifice]
  6601 | D:7      | Found a stormy altar of Qazlal.
  6605 | D:7      | Learned a level 1 spell: Apportation
  6607 | D:7      | Learned a level 1 spell: Summon Butterflies
  6855 | D:7      | Noticed Prince Ribbit
  6970 | D:7      | Killed Prince Ribbit
  7001 | D:7      | Found an iron altar of Okawaru.
  7796 | D:8      | Reached XP level 10. HP: 64/79 MP: 13/13
  8608 | D:9      | Reached skill level 5 in Long Blades
  8784 | D:9      | Found a sacrificial altar of Ru.
  9175 | D:9      | Got a dazzling chain mail
  9186 | D:9      | Identified the +0 chain mail "Qasm" {+Fly rElec Regen+ Int+5 Dex-4} (You found it on level 9 of the Dungeon)
  9475 | D:10     | Entered Level 10 of the Dungeon
  9511 | D:10     | Found a staircase to the Lair.
  9587 | D:10     | Got a smoking hand crossbow
  9808 | D:10     | Noticed a hill giant
  9815 | D:10     | Killed a hill giant
  9936 | D:10     | Found a burning altar of Makhleb.
 10111 | D:10     | Reached XP level 11. HP: 84/84 MP: 15/15
 10251 | D:11     | Noticed a skeletal warrior
 10252 | D:11     | Found a frozen archway.
 10253 | D:11     | Noticed a skeletal warrior
 10253 | D:11     | Noticed a skeletal warrior
 10259 | D:11     | Noticed a skeletal warrior
 10336 | Lair:1   | Entered Level 1 of the Lair of Beasts
 10542 | Lair:1   | Reached skill level 10 in Long Blades
 10551 | Lair:1   | Gained mutation: Your casting is slightly disrupted. [Ru sacrifice]
 10551 | Lair:1   | Acquired Ru's first power
 10789 | Lair:1   | Reached skill level 11 in Long Blades
 10954 | Lair:1   | Learned a level 2 spell: Stoneskin
 11341 | Lair:2   | Noticed a four-headed hydra
 11350 | Lair:1   | Identified the cursed +3 hand crossbow of Demand {velocity, rC+} (You found it on level 10 of the Dungeon)
 11445 | Lair:2   | Reached skill level 12 in Long Blades
 11720 | Lair:2   | Noticed Harold
 11745 | Lair:2   | Killed Harold
 11745 | Lair:2   | Reached XP level 12. HP: 66/91 MP: 16/16
 11772 | Lair:2   | Reached skill level 13 in Long Blades
 12088 | Lair:2   | Gained mutation: You have somewhat slow reflexes. (-3 EV) [Ru sacrifice]
 12088 | Lair:2   | Acquired Ru's second power
 12162 | Lair:3   | Noticed gw's ghost (powerful HOFi)
 12196 | Lair:3   | Killed gw's ghost
 12370 | Lair:3   | Found a shadowy altar of Dithmenos.
 12689 | Lair:3   | Gained mutation: You are agile. (Dex +2) [potion of beneficial mutation]
 12947 | Lair:4   | Reached skill level 1 in Crossbows
 13009 | Lair:4   | You fall through a shaft!
 13023 | Lair:5   | Noticed a seven-headed hydra
 13131 | Lair:4   | Noticed a seven-headed hydra
 13146 | Lair:4   | You fall through a shaft for 3 floors!
 13179 | Lair:7   | Noticed an eight-headed hydra
 13190 | Lair:7   | You fall through a shaft!
 13190 | Lair:8   | Entered Level 8 of the Lair of Beasts
 13330 | Lair:8   | Reached skill level 5 in Crossbows
 13345 | Lair:8   | Gained mutation: You cannot study or cast Poison magic. [Ru sacrifice]
 13345 | Lair:8   | Gained mutation: You cannot study or cast Necromancy magic. [Ru sacrifice]
 13345 | Lair:8   | Gained mutation: You cannot study or cast Charms magic. [Ru sacrifice]
 13345 | Lair:8   | Acquired Ru's third power
 13382 | Lair:8   | Noticed password's ghost (powerful HaCK)
 13486 | Lair:8   | Killed password's ghost
 13573 | Lair:8   | Reached skill level 14 in Long Blades
 13696 | Lair:8   | Reached skill level 1 in Evocations
 13697 | Lair:8   | Noticed a seven-headed hydra
 13707 | Lair:8   | Killed a seven-headed hydra
 13758 | Lair:8   | Reached XP level 13. HP: 96/96 MP: 21/21
 14013 | Lair:8   | Reached skill level 5 in Evocations
 14472 | Lair:8   | Noticed a dire elephant
 14494 | Lair:8   | Killed a dire elephant
 14904 | Lair:8   | Noticed a dire elephant
 14904 | Lair:8   | Noticed an eight-headed hydra
 14957 | Lair:8   | Killed an eight-headed hydra
 14976 | Lair:8   | Killed a dire elephant
 15244 | Lair:8   | Noticed a dire elephant
 15258 | Lair:8   | Killed a dire elephant
 15258 | Lair:8   | Reached skill level 10 in Evocations
 15576 | Lair:7   | You fall through a shaft!
 15831 | Lair:7   | Gained mutation: You have slow reflexes. (-6 EV) [Ru sacrifice]
 15874 | Lair:7   | Reached skill level 10 in Armour
 16134 | Lair:7   | Found a viscous altar of Jiyva.
 16134 | Lair:7   | Found a staircase to the Slime Pits.
 16236 | Lair:7   | Reached XP level 14. HP: 44/106 MP: 29/29
 16911 | Lair:7   | Killed an eight-headed hydra
 17735 | Lair:6   | Reached skill level 10 in Fighting
 18265 | Lair:5   | Noticed Nergalle
 18265 | Lair:5   | Noticed Fannar
 18558 | Lair:5   | Noticed an eight-headed hydra
 18569 | Lair:5   | Killed an eight-headed hydra
 18677 | Lair:5   | Killed a seven-headed hydra
 18750 | Lair:5   | Killed Nergalle
 18904 | Lair:5   | Killed Fannar
 19767 | Lair:5   | Found a staircase to the Swamp.
 19954 | Lair:5   | Reached skill level 15 in Long Blades
 20057 | Lair:4   | Killed a seven-headed hydra
 20207 | Lair:4   | Found a staircase to the Snake Pit.
 20423 | Lair:4   | Noticed an eight-headed hydra
 20432 | Lair:4   | Killed an eight-headed hydra
 21062 | Lair:3   | Reached XP level 15. HP: 102/117 MP: 29/29
 22154 | Lair:3   | Reached skill level 16 in Long Blades
 22324 | Lair:2   | Killed a seven-headed hydra
 22529 | Lair:2   | Noticed a four-headed hydra
 22534 | Lair:2   | Noticed a six-headed hydra
 22537 | Lair:2   | Killed a five-headed hydra
 22551 | Lair:2   | Killed a six-headed hydra
 23236 | D:11     | Killed a skeletal warrior
 23277 | D:11     | Killed a skeletal warrior
 23287 | D:11     | Killed a skeletal warrior
 23307 | D:11     | Killed a skeletal warrior
 23430 | D:11     | Gained mutation: You cannot train Dodging skill. [Ru sacrifice]
 23430 | D:11     | Acquired Ru's fourth power
 23430 | D:11     | Acquired Ru's fifth power
 23748 | D:11     | Found a staircase to the Orcish Mines.
 23896 | D:11     | Noticed an ice statue
 23919 | D:11     | Killed an ice statue
 23958 | D:11     | Identified a +1 rod of destruction (12/12) (You found it on level 11 of the Dungeon)
 24589 | Orc:1    | Entered Level 1 of the Orcish Mines
 24606 | Orc:1    | Reached skill level 17 in Long Blades
 26341 | Orc:4    | Entered Level 4 of the Orcish Mines
 26458 | Orc:4    | Found Ehieruix's Antique Weapon Boutique.
 26635 | Orc:4    | Gained mutation: You are hated by all. [Ru sacrifice]
 26670 | Orc:4    | Found Asuqad's Armour Boutique.
 26679 | Orc:4    | Found Klibluc's General Store.
 26695 | Orc:4    | Found Taofean's Food Boutique.
 26697 | Orc:4    | Found Buypnung's Assorted Antiques.
 26837 | Orc:4    | Found a staircase to the Elven Halls.
 26849 | Orc:4    | Reached skill level 18 in Long Blades
 26854 | Orc:4    | Bought a slimy bone ring for 185 gold pieces
 27147 | Orc:4    | Identified the ring "Voyleah" {rC+ rN++ Str-3 Dex+2 Slay+3 SInv} (You bought it in a shop on level 4 of the Orcish Mines)
 27293 | Orc:4    | Noticed an orc warlord
 27311 | Orc:4    | Reached XP level 16. HP: 93/124 MP: 27/30
 27326 | Orc:4    | Killed an orc warlord
 27578 | Orc:4    | Bought a glowing hand crossbow for 87 gold pieces
 27626 | Orc:4    | Bought a scroll of enchant weapon for 75 gold pieces
 27626 | Orc:4    | Bought a scroll of identify for 20 gold pieces
 27626 | Orc:4    | Bought a scroll of identify for 20 gold pieces
 28001 | Swamp:1  | Entered Level 1 of the Swamp
 28374 | Swamp:3  | Noticed Aizul
 28384 | Swamp:3  | Killed Aizul
 28775 | Swamp:3  | Gained mutation: Your casting is disrupted. [Ru sacrifice]
 28899 | Swamp:5  | Entered Level 5 of the Swamp
 28899 | Swamp:5  | Noticed Kirke
 28899 | Swamp:5  | Noticed Agnes
 28902 | Swamp:5  | Killed Agnes
 30378 | Swamp:5  | Reached XP level 17. HP: 82/136 MP: 31/31
 30401 | Swamp:5  | Noticed a tentacled monstrosity
 30418 | Swamp:5  | Killed a tentacled monstrosity
 31066 | Swamp:5  | Got a decaying rune of Zot
 31195 | Swamp:4  | Reached skill level 15 in Armour
 31359 | Snake:1  | Entered Level 1 of the Snake Pit
 31659 | Snake:3  | Noticed Vashnia
 31681 | Snake:3  | Killed Vashnia
 31744 | Snake:4  | Noticed Donald
 31769 | Snake:4  | Killed Donald
 32053 | Snake:5  | Entered Level 5 of the Snake Pit
 32222 | Snake:5  | Gained mutation: Your spells are a little harder to cast, but a little more powerful. [potion of beneficial mutation]
 32776 | Snake:5  | Reached skill level 15 in Fighting
 32903 | Snake:5  | Reached XP level 18. HP: 117/149 MP: 32/32
 33006 | Snake:5  | Noticed Louise
 33022 | Snake:5  | Cast into the Abyss (Louise)
 33102 | Abyss:2  | Found a corrupted altar of Lugonu.
 34174 | Snake:5  | Escaped the Abyss
 34187 | Snake:5  | Killed Louise
 34284 | Snake:5  | HP: 6/153 [greater naga (3)]
 34284 | Snake:5  | Slain by a greater naga

Action                   |  1- 3 |  4- 6 |  7- 9 | 10-12 | 13-15 | 16-18 || total
-------------------------+-------+-------+-------+-------+-------+-------++-------
Melee: Short sword       |    70 |    79 |    83 |       |       |       ||   232
       Unarmed           |     3 |       |       |       |    13 |     7 ||    23
       Whip              |       |       |   398 |       |       |       ||   398
       Long sword        |       |       |    14 |       |       |       ||    14
       Falchion          |       |       |    11 |   903 |   801 |       ||  1715
       Great sword       |       |       |       |       |   844 |   895 ||  1739
 Fire: Hand crossbow     |       |       |       |    23 |   128 |    21 ||   172
Throw: Throwing net      |       |       |       |     6 |     3 |       ||     9
Invok: Sacrifice Stealth |       |       |     1 |       |       |       ||     1
       Reject Sacrifices |       |       |       |     1 |     2 |       ||     3
       Sacrifice Essence |       |       |       |     1 |       |     1 ||     2
       Sacrifice Health  |       |       |       |     1 |     1 |       ||     2
       Sacrifice Arcana  |       |       |       |     1 |       |       ||     1
       Draw Out Power    |       |       |       |       |     4 |     6 ||    10
       Power Leap        |       |       |       |       |     2 |     4 ||     6
       Sacrifice Love    |       |       |       |       |     1 |       ||     1
       Sacrifice Nimblen |       |       |       |       |     1 |       ||     1
       Apocalypse        |       |       |       |       |       |     6 ||     6
 Abil: Dig               |       |     4 |    11 |    13 |    27 |    15 ||    70
       Shaft Self        |       |       |       |     2 |     1 |       ||     3
Evoke: Wand              |       |       |       |     5 |     3 |     1 ||     9
       Rod               |       |       |       |       |     9 |     4 ||    13
  Use: Scroll            |       |     8 |     4 |    13 |    10 |     3 ||    38
       Potion            |       |       |     1 |     1 |     1 |    10 ||    13
 Stab: Distracted        |       |     1 |       |       |     3 |     1 ||     5
       Sleeping          |       |       |     1 |       |       |       ||     1
       Invisible         |       |       |       |       |    11 |    22 ||    33
       Paralysed         |       |       |       |       |     1 |    16 ||    17
       Confused          |       |       |       |       |       |     1 ||     1
  Eat: Chunk             |     1 |     4 |    14 |    16 |    34 |    16 ||    85
       Bread ration      |       |       |     1 |       |       |       ||     1
       Meat ration       |       |       |       |     1 |     3 |     2 ||     6
       Royal jelly       |       |       |       |     1 |       |     1 ||     2
